 Dungeon Crawl Stone Soup version 0.31-a0-836-g3ceb0a68c4 (webtiles) character file.

Game seed: 16072394545209795736

1644 CraigForest the Cudgeller (level 8, 0/118 HPs)
             Began as a Troll Berserker on Sept 27, 2023.
             Was a Priest of Trog.
             Slain by a hornet (3 damage)
             ... on level 4 of the Dungeon.
             The game lasted 00:11:48 (2493 turns).

CraigForest the Cudgeller (Troll Berserker)         Turns: 2493, Time: 00:11:48

Health: 0/118      AC:  7    Str: 34    XL:     8   Next: 67%
Magic:  7/7        EV: 11    Int:  3    God:    Trog [***...]
Gold:   269        SH:  0    Dex:  9    Spells: 7/7 levels left

rFire   . . .        r - +0 giant spiked club
rCold   . . .        (shield currently unavailable)
rNeg    . . .        t - +1 robe {Will+}
rPois   .            k - +2 hat
rElec   .            (no cloak)
rCorr   .            (gloves unavailable)
SInv    .            (boots unavailable)
Will    +....        (no amulet) Stlth
                     j - +6 ring of strength
HPRegen 1.19/turn    (no ring)
MPRegen 0.10/turn

%: no passive effects
@: berserking (expiring), slowed
A: large, unfitting armour, claws 3, regeneration 1, shaggy fur 1, tough skin 1
a: Renounce Religion, Berserk, Trog's Hand


You were on level 4 of the Dungeon.
You worshipped Trog.
Trog was most pleased with you.
You visited 1 branch of the dungeon, and saw 4 of its levels.

You collected 334 gold pieces.
You spent 65 gold pieces at shops.

Inventory:

Hand Weapons
 a - a +0 mace
 n - a +0 giant club
 r - a +0 giant spiked club (weapon)
Missiles
 h - 8 poisoned darts (quivered)
Armour
 b - a +0 robe
 k - a +2 hat (worn)
 t - a +1 robe of willpower (worn)
Jewellery
 j - a +6 ring of strength (left claw)
Wands
 o - a wand of mindburst (7)
 u - a wand of flame (17)
Scrolls
 e - 2 scrolls of amnesia
 g - a scroll of brand weapon {unknown}
 l - a scroll of fear {unknown}
 p - a scroll of fog {unknown}
Potions
 c - 2 potions of degeneration
 d - a potion of heal wounds
 f - a potion of cancellation {unknown}
 i - 2 potions of curing
 m - a potion of brilliance {unknown}
 q - 3 potions of enlightenment {unknown}
 s - a potion of mutation {unknown}
 v - a potion of might {unknown}


   Skills:
 + Level 4.5 Fighting
 + Level 7.8 Maces & Flails
 + Level 1.0 Throwing
 + Level 5.3 Dodging
 + Level 0.5 Stealth


You had 7 spell levels left.
You didn't know any spells.
Your spell library was empty.

Dungeon Overview and Level Annotations

Branches:
Dungeon (4/15)
 Temple: D:4-7

Altars:
Ashenzari
Nemelex Xobeh
Trog
Xom
Yredelemnul
The Shining One

Shops:
D:3 *   D:4 =


Innate Abilities, Weirdness & Mutations

You are too large for most types of armour.
You have claws for hands.
Your natural rate of healing is unusually fast.
You are covered in fur. (AC +1)
You have tough skin. (AC +1)


Message History

You feel very sick. The hornet stings you.
You are more poisoned.
You feel as though you will be slow longer.
The hornet completely misses you. The hornet stings you!
* * * LOW HITPOINT WARNING * * *
You feel as though you will be slow longer.
A red film seems to cover your vision as you go berserk!
You feel yourself moving faster!
You feel mighty!
You feel very sick.
The hornet closely misses you. x2; The hornet stings you!
* * * LOW HITPOINT WARNING * * *
You feel as though you will be slow longer.
You barely miss the hornet.
You feel very sick. The hornet stings you!
* * * LOW HITPOINT WARNING * * *
You feel as though you will be slow longer.
The hornet barely misses you.
You miss the hornet.
You feel sick. The hornet stings you.
* * * LOW HITPOINT WARNING * * *
You suddenly lose the ability to move!
The hornet stings you but does no damage.
You can move again.
You impale the hornet!!
The hornet is severely wounded.
You feel sick. The hornet completely misses you. The hornet closely misses you.
You miss the hornet.
The hornet is severely wounded.
You feel sick. The hornet barely misses you. The hornet stings you!
* * * LOW HITPOINT WARNING * * *
You feel as though you will be slow longer.
You barely miss the hornet.
The hornet is severely wounded.
You feel sick. The hornet barely misses you. The hornet misses you.
You feel sick.
You are no longer poisoned.
The hornet stings you but does no damage.
The hornet stings you.
You die...

##.# #..........#
##...## #........>#
.......#####........#
..........###......#
.......#....###...#
........###...†####
..........###....####
...........#####....####
........@y..# ####....##
#............# ####.<.
##...........# ###.
#.∩.........# ##
###..!......# #
#.......### # #.?.#####
# #... #


You could see a hornet.

Vanquished Creatures
  Grinder (D:4)
  5 yaks (D:4)
  A steam dragon (D:3)
  2 ogres
  A centaur (D:3)
  A scorpion (D:4)
  A howler monkey (D:4)
  A sleepcap (D:3)
  Natasha (twice) (D:4)
  2 orc wizards (D:4)
  4 adders
  A shadow imp (D:3)
  A white imp (D:3)
  An ufetubus (D:4)
  2 worms
  2 dart slugs (D:1)
  4 orcs
  4 ball pythons
  8 endoplasms
  3 giant cockroaches
  8 goblins
  5 hobgoblins
  3 kobolds
  4 quokkas
  7 bats
  6 frilled lizards
  5 rats
85 creatures vanquished.

Notes
Turn   | Place    | Note
-------+----------+-------------------------------------------
     0 | D:1      | CraigForest the Troll Berserker began the quest for the
                  | Orb.
     0 | D:1      | Reached XP level 1. HP: 22/22 MP: 0/0
   268 | D:1      | Reached XP level 2. HP: 29/29 MP: 1/1
   367 | D:1      | Reached skill level 3 in Maces & Flails
   794 | D:2      | Reached XP level 3. HP: 36/36 MP: 2/2
   796 | D:2      | Reached ** piety under Trog
   972 | D:2      | Noticed an ogre
   982 | D:2      | Killed an ogre
   983 | D:2      | Reached skill level 4 in Maces & Flails
   983 | D:2      | Reached XP level 4. HP: 32/45 MP: 3/3
  1070 | D:2      | Reached XP level 5. HP: 53/53 MP: 4/4
  1372 | D:3      | Found a shimmering altar of Xom.
  1490 | D:3      | Found a bloodstained altar of Trog.
  1491 | D:3      | Found a transporter.
  1492 | D:3      | Found a glowing golden altar of the Shining One.
  1492 | D:3      | Noticed a centaur
  1492 | D:3      | Noticed a steam dragon
  1507 | D:3      | Found a transporter.
  1565 | D:3      | Found a faded altar of an unknown god.
  1579 | D:3      | Noticed an ogre
  1583 | D:3      | Killed an ogre
  1625 | D:3      | Found Othrid's General Store.
  1631 | D:3      | Bought a potion of heal wounds for 65 gold pieces
  1760 | D:3      | Found a faded altar of an unknown god.
  1768 | D:3      | Found a broken altar of Ashenzari.
  1871 | D:3      | Killed a centaur
  1872 | D:3      | Reached skill level 5 in Maces & Flails
  1872 | D:3      | Reached XP level 6. HP: 61/61 MP: 5/5
  1884 | D:3      | Killed a steam dragon
  1885 | D:3      | Reached skill level 1 in Throwing
  1887 | D:3      | HP: 2/61 [white imp/puff of frost (3)]
  1892 | D:3      | Reached XP level 7. HP: 36/67 MP: 6/6
  1958 | D:4      | Found a basalt altar of Yredelemnul.
  2020 | D:4      | Found a sparkling altar of Nemelex Xobeh.
  2092 | D:4      | Noticed Natasha
  2102 | D:4      | Killed Natasha
  2143 | D:4      | Reached *** piety under Trog
  2144 | D:4      | Noticed Grinder
  2154 | D:4      | Killed Grinder
  2155 | D:4      | Reached skill level 6 in Maces & Flails
  2272 | D:4      | Noticed Natasha
  2277 | D:4      | Killed Natasha
  2384 | D:4      | Noticed a yak
  2384 | D:4      | Noticed a yak
  2385 | D:4      | Noticed a yak
  2385 | D:4      | Noticed a yak
  2385 | D:4      | Noticed a yak
  2397 | D:4      | Killed a yak
  2398 | D:4      | Reached XP level 8. HP: 29/78 MP: 7/7
  2399 | D:4      | Reached skill level 5 in Dodging
  2405 | D:4      | Reached skill level 7 in Maces & Flails
  2469 | D:4      | Found Nuujeha's Jewellery Boutique.
  2477 | D:4      | Noticed a hornet
  2489 | D:4      | Paralysed by a hornet for 1 turns
  2491 | D:4      | HP: 3/118 [hornet (8)]
  2493 | D:4      | Slain by a hornet

Illustrated notes

Levels and vault maps discovered:
D:1:      psy_arrival_whirlpool, layout_loops_ring
D:2:      layout_basic, st_stairs_4
D:3:      layout_rooms, gammafunk_temple_overflow_arena, xom_butterflies,
          nicolae_overflow_ecumenical_swirl,
          hellmonk_ecumenical_altar_crossroads, serial_shops, shop
D:4:      layout_cave_pods, nemelex_xobeh_ov_fountains_minmay,
          yredelemnul_altar_generic, serial_shops, shop,
          nicolae_shop_overcharged_wands, uniq_natasha, uniq_grinder

Skill      XL: |  1  2  3  4  5  6  7  8 |
---------------+-------------------------+-----
Maces & Flails | 3 4 5 6 7 |  7.8
Fighting       | 3 4 |  4.5
Dodging        | 3 4 5 |  5.3
Throwing       | 1 |  1.0
Stealth        | |  0.5

Action                     |  1- 3 |  4- 6 |  7- 9 || total
---------------------------+-------+-------+-------++-------
  Melee: Mace              |    95 |       |       ||    95
         Punch             |     1 |       |       ||     1
         Giant club        |       |    82 |       ||    82
         Giant spiked club |       |    37 |   150 ||   187
  Throw: Dart              |     5 |     3 |       ||     8
 Invoke: Berserk           |       |     1 |     3 ||     4
    Use: Scroll            |     2 |     1 |     1 ||     4
         Potion            |       |     2 |       ||     2
   Stab: Sleeping          |       |     1 |       ||     1
 Armour: Animal skin       |    30 |       |       ||    30
         Robe              |    36 |   170 |   226 ||   432
  Dodge: Dodged            |    56 |   104 |   122 ||   282

Table legend: (Time is in decaauts)
 A = Elapsed time spent in this place.
 B = Non-inter-level travel time spent in this place.
 C = Inter-level travel time spent in this place.
 D = Time resting spent in this place.
 E = Time spent auto-exploring this place.
 F = Levels seen in this place.
 G = Mean time per level.
                   A        B        C        D        E       F      G
               +--------+--------+--------+--------+--------+-----+--------+
         Total |   2649 |   2528 |    121 |      0 |   1594 |   4 |  662.2 |
       Dungeon |   2649 |   2528 |    121 |      0 |   1594 |   4 |  662.2 |
               +--------+--------+--------+--------+--------+-----+--------+

Top non-repeatable levels by time:
     D:1: 781 daAuts
     D:3: 632 daAuts
     D:4: 617 daAuts
     D:2: 617 daAuts
